 Dungeon Crawl Stone Soup version 0.26-a0-18-g135ff06667 (webtiles) character file.

Game seed: 13471228061669432085, levelgen mode: deterministic

364 Morbidden the Covert (level 6, -1/55 HPs)
             Began as a Naga Assassin on May 25, 2020.
             Slain by Blork the orc
             ... wielding a +0 war axe
              (11 damage)
             ... on level 4 of the Dungeon.
             The game lasted 00:05:56 (2806 turns).

Morbidden the Covert (Naga Assassin)                Turns: 2806, Time: 00:05:56

Health: -1/55      AC:  4    Str: 15    XL:     6   Next: 67%
Magic:  6/6        EV: 10    Int: 11    God:
Gold:   205        SH:  0    Dex: 13    Spells: 5/5 levels left

rFire    . . .     SeeInvis +   a - +1 dagger (vamp)
rCold    . . .     Gourm    .   (no shield)
rNeg     . . .     Faith    .   b - +0 robe
rPois    +         Spirit   .   (no helmet)
rElec    .         Reflect  .   c - +0 cloak
rCorr    .         Harm     .   (no gloves)
MR       .....                  (no barding)
Stlth    ++........             (no amulet)
HPRegen  0.18/turn              (no ring)
MPRegen  0.10/turn              (no ring)

@: confused, short of breath, very slow
A: large, see invisible, deformed body, poison resistance, slowness 2, slow
metabolism 1, spit poison 1, AC +2
a: Spit Poison


You were on level 4 of the Dungeon.
You were very hungry.

You visited 1 branch of the dungeon, and saw 4 of its levels.

You collected 205 gold pieces.

Inventory:

Hand Weapons
 a - a +1 vampiric dagger (weapon)
Armour
 b - a +0 robe (worn)
 c - a +0 cloak (worn)
Jewellery
 p - a +6 ring of intelligence {unknown}
Scrolls
 g - 3 scrolls of teleportation {unknown}
 i - a scroll of remove curse {unknown}
 j - a scroll of fear {unknown}
 n - 2 scrolls of identify {unknown}
 o - a scroll of amnesia {unknown}
Potions
 d - a potion of ambrosia
 h - 2 potions of curing
 k - a potion of haste {unknown}
 m - a potion of stabbing {unknown}
 q - a potion of heal wounds {unknown}
 r - 2 potions of brilliance {unknown}
Comestibles
 f - 8 rations


   Skills:
 * Level 2.9 Fighting
 + Level 3.3 Short Blades
 + Level 3.1 Throwing
 + Level 2.1 Dodging
 + Level 8.4 Stealth


You had 5 spell levels left.
You didn't know any spells.
Your spell library was empty.

Dungeon Overview and Level Annotations

Branches:
Dungeon (4/15)
 Temple: D:4-7

Altars:
Gozag

Annotations:
D:4 Blork the orc, Grinder, Ijyb


Innate Abilities, Weirdness & Mutations

You cannot wear boots.
Your serpentine skin is tough. (AC +2)
You have supernaturally acute eyesight. (SInv)
Armour fits poorly on your strangely shaped body.
Your system is resistant to poisons. (rPois)
You cover ground very slowly.
You have a slow metabolism.
You can spit poison.


Message History

Throwing (i - inventory)
e - a curare-tipped dart (quivered)
Press: ? - help, Shift-Dir - straight line, f/p - Blork the orc
Aim: Blork the orc, wielding a +0 war axe and wearing a +0 robe (fast, slightly transparent)
You throw a curare-tipped dart.
The curare-tipped dart hits Blork the orc.
Blork the orc is poisoned.
Blork the orc convulses.
Blork the orc seems to slow down.
Blork the orc is lightly wounded.
Blork the orc hits you with a +0 war axe!
* * * LOW HITPOINT WARNING * * *
Ijyb zaps a wand.
The puff of flame hits you!
* * * LOW HITPOINT WARNING * * *
Unknown command.
Unknown command.
Unknown command.
Unknown command.
You are confused.
You feel invigorated.
Blork the orc hits you with a +0 war axe!
You die...

.##.##.............
.
........#.....##.(
...#......##...## .
...#....#......#
#$........#.#.....
#.............#...
#.................
.......og.........
........@..#......
..........####....
..........# ..#.
>.........# .#
##.........
....##...... ....
..#..... ..
##.##....


You could see Blork the orc (fast, invisible, very poisoned, slow) and Ijyb.

Vanquished Creatures
  A bullfrog (D:3)
  A howler monkey (D:3)
  A hound (D:3)
  An iguana (D:2)
  Natasha (thrice) (D:3)
  A worker ant (D:4)
  7 adders
  An adder skeleton (D:3)
  2 dart slugs
  A leopard gecko (D:2)
  2 giant cockroaches (D:1)
  10 goblins
  4 hobgoblins
  6 kobolds
  2 ball pythons (D:3)
  6 bats
  A frilled lizard (D:4)
  4 rats
54 creatures vanquished.

Notes
Turn   | Place    | Note
-------+----------+-------------------------------------------
     0 | D:1      | Morbidden the Naga Assassin began the quest for the Orb.
     0 | D:1      | Reached XP level 1. HP: 19/19 MP: 1/1
    34 | D:1      | Reached skill level 6 in Stealth
   330 | D:1      | Reached XP level 2. HP: 20/26 MP: 2/2
   636 | D:2      | Reached skill level 1 in Dodging
   656 | D:2      | Reached XP level 3. HP: 31/32 MP: 3/3
   713 | D:2      | Reached skill level 7 in Stealth
   737 | D:2      | Reached XP level 4. HP: 36/39 MP: 4/4
   851 | D:2      | Found an opulent altar of Gozag.
  1188 | D:3      | Reached skill level 8 in Stealth
  1188 | D:3      | Reached XP level 5. HP: 20/46 MP: 5/5
  1941 | D:3      | Reached XP level 6. HP: 53/55 MP: 6/6
  2159 | D:4      | Noticed Natasha
  2159 | D:4      | Noticed Blork the orc
  2162 | D:4      | Noticed Grinder
  2175 | D:3      | Killed Natasha
  2183 | D:3      | Noticed Natasha
  2188 | D:3      | Killed Natasha
  2390 | D:3      | Noticed Natasha
  2400 | D:3      | Killed Natasha
  2775 | D:4      | Noticed Ijyb
  2806 | D:4      | Slain by Blork the orc

Illustrated notes

Levels and vault maps discovered:
D:1:      lemuel_arrival_rhombus, layout_rooms
D:2:      layout_basic, grunt_gozag_statues
D:3:      layout_rooms
D:4:      layout_cave_pools, minitemple, uniq_natasha, uniq_ijyb,
          uniq_blork_the_orc, uniq_grinder

Skill      XL: |  1  2  3  4  5  6 |
---------------+-------------------+-----
Stealth        | 6 7 8 |  8.4
Dodging        | 1 2 |  2.1
Throwing       | 2 3 |  3.1
Short Blades   | 3 |  3.3
Fighting       | |  2.9

Action                   |  1- 3 |  4- 6 || total
-------------------------+-------+-------++-------
Melee: Dagger            |    29 |   126 ||   155
Throw: Dart              |    14 |    23 ||    37
 Abil: Spit Poison       |     7 |     9 ||    16
  Use: Potion            |       |     3 ||     3
 Stab: Distracted        |       |     1 ||     1
       Sleeping          |       |     1 ||     1
  Eat: Chunk             |       |     4 ||     4
Armor: Robe              |     5 |    38 ||    43
Dodge: Dodged            |    12 |    65 ||    77

Table legend:
 A = Non-vault XP
 B = Vault XP
 C = Vault XP percentage of total XP
 D = Non-vault monster count
 E = Vault monster count
 F = Vault count percentage of total count
                 A         B        C        D         E       F
            +---------+---------+-------+---------+---------+-------
      Total |     485 |      35 |   6.7 |      53 |       1 |   1.9
            +---------+---------+-------+---------+---------+-------
        D:1 |      24 |       0 |   0.0 |      13 |       0 |   0.0
        D:2 |      82 |       0 |   0.0 |      13 |       0 |   0.0
        D:3 |     345 |      35 |   9.2 |      25 |       1 |   3.8
        D:4 |      34 |       0 |   0.0 |       2 |       0 |   0.0
            +---------+---------+-------+---------+---------+-------
